 Dungeon Crawl Stone Soup version 0.27-a0-1090-gb115f176c6 (webtiles) character file.

Game seed: 1511206269011577904

368 kae the Ruffian (level 6, -1/50 HPs)
             Began as a Draconian Transmuter on Apr 27, 2021.
             Slain by a gnoll
             ... wielding a +0 mace
              (6 damage)
             ... on level 4 of the Dungeon.
             The game lasted 00:02:12 (4530 turns).

kae the Ruffian (Draconian Transmuter)              Turns: 4530, Time: 00:02:13

Health: -1/50      AC:  2    Str: 12    XL:     6   Next: 41%
Magic:  3/10       EV:  7    Int: 16    God:
Gold:   134        SH:  0    Dex: 16    Spells: 2/10 levels left

rFire    . . .     SeeInvis .     - Unarmed
rCold    . . .     Faith    .   (shield currently unavailable)
rNeg     . . .     Spirit   .   (armour unavailable)
rPois    x         Reflect  .   (helmet currently unavailable)
rElec    .         Harm     .   (cloak currently unavailable)
rCorr    .         Rampage  .   (gloves currently unavailable)
Will     .....                  (boots currently unavailable)
Stlth    +.........             (no amulet)
HPRegen  0.16/turn              (no ring)
MPRegen  0.12/turn              (no ring)

@: spider-form (expiring), held, constricted
A: venomous fangs, AC +6, tiny, unfitting armour, (cold-blooded)
a: End Transformation


You were on level 4 of the Dungeon.
You were a venomous arachnid creature.
You visited 1 branch of the dungeon, and saw 4 of its levels.

You collected 134 gold pieces.

Inventory:

Missiles
 m - a throwing net
Jewellery
 g - a ring of protection from fire
 i - a ring of magical power
Scrolls
 a - 2 scrolls of summoning {unknown}
 b - a scroll of vulnerability {unknown}
 d - a scroll of silence {unknown}
 e - a scroll of immolation {unknown}
 f - 2 scrolls of identify {unknown}
 j - a scroll of enchant weapon {unknown}
 l - a scroll of enchant armour {unknown}
Potions
 c - a potion of resistance {unknown}
 h - a potion of curing {unknown}
 k - a potion of magic {unknown}


   Skills:
 + Level 2.4 Fighting
 + Level 2.6 Dodging
 * Level 4.3 Unarmed Combat
 + Level 2.8 Spellcasting
 * Level 3.6 Transmutations
 * Level 1.5 Ice Magic
 - Level 2.0 Poison Magic


You had 2 spell levels left.
You knew the following spells:

 Your Spells              Type           Power      Damage    Failure   Level
a - Beastly Appendage     Tmut           26%        N/A       13%         1
b - Spider Form           Tmut/Pois      5%         N/A       38%         3
c - Ice Form              Ice/Tmut       10%        N/A       75%         4

Your spell library contained the following spells:

 Spells                   Type           Power      Damage    Failure   Level
 Wereblood                Tmut           13%        N/A       17%         2
 Hydra Form               Tmut           6%         N/A       89%         5


Dungeon Overview and Level Annotations

Branches:
Dungeon (4/15)
 Temple: D:4-7

Altars:


Innate Abilities, Weirdness & Mutations

You are a venomous arachnid creature.
You have poisonous fangs.
You are tiny and dextrous.
Your spellcasting is less reliable in this form.
Your armour is entirely melded.
You are incapable of wielding weapons or throwing items.
((Your plain brown scales are hard. (AC +6)))
You cannot fit into any form of body armour.
((You are cold-blooded and may be slowed by cold attacks.))


Message History

The gnoll is moderately wounded.
The gnoll misses you.
You barely miss the gnoll.
The gnoll is heavily wounded.
You hit the gnoll.
The gnoll looks as sick as possible!
The gnoll is almost dead.
You kill the gnoll!
The gnoll barely misses you.
The gnoll throws a throwing net.
The throwing net barely misses you. The gnoll barely misses you.
The gnoll closely misses you. x2
Items here: ) = ? †.
You hit the gnoll.
The gnoll is poisoned.
The gnoll is moderately wounded.
You completely miss the gnoll. The gnoll closely misses you.
The gnoll misses you. The gnoll hits you with a +0 mace!
The ball python misses you. The ball python closely misses you.
The gnoll throws a throwing net.
The throwing net hits you.
You become entangled in the net!
Things that are here:
a throwing net; a throwing net
m - a throwing net The gnoll hits you with a +0 broad axe!
The ball python bites you. The ball python grabs you.
The ball python constricts you.
You struggle against the net.
The gnoll barely misses you.
The gnoll hits you from afar with a +0 spear.
The gnoll hits you with a +0 mace. The ball python barely misses you.
The ball python constricts you.
Your magical contamination has completely faded away.
There are no objects that can be picked up here. a throwing net You struggle against the net.
Your transformation is almost over.
The gnoll hits you with a +0 broad axe!
* * * LOW HITPOINT WARNING * * *
The gnoll hits you from afar with a +0 spear!
* * * LOW HITPOINT WARNING * * *
The ball python bites you.
* * * LOW HITPOINT WARNING * * *
The ball python constricts you. The gnoll hits you with a +0 mace.
You die...

#............
#............
#######..#.........
...................
..#...#..#.........
........##.).......
..#...#.#.g.$......
........gS........#
######.sg#......##
#..#.######.##...
###.#......####...
#........#...#....
#......#####.....#
#.......#.#......#
#.....#..........#
#....##..........#
#..... ###.........


You could see 3 gnolls and a ball python.

Vanquished Creatures
  An ice beast (D:3)
  A centaur zombie (D:4)
  A jelly (D:3)
  A hound (D:2)
  2 gnolls
  9 adders
  A white imp (D:4)
  A worm (D:2)
  3 dart slugs
  2 orcs (D:3)
  5 ball pythons
  6 bats
  6 endoplasms
  A giant cockroach (D:2)
  12 goblins
  4 hobgoblins
  2 quokkas
  3 frilled lizards
  7 kobolds
  3 rats
71 creatures vanquished.

Notes
Turn   | Place    | Note
-------+----------+-------------------------------------------
     0 | D:1      | kae the Draconian Transmuter began the quest for the Orb.
     0 | D:1      | Reached XP level 1. HP: 16/16 MP: 3/3
   161 | D:1      | Reached XP level 2. HP: 20/23 MP: 3/5
   625 | D:1      | Reached XP level 3. HP: 28/28 MP: 4/6
   629 | D:1      | Learned a level 3 spell: Spider Form
  1184 | D:1      | HP: 1/29 [poisoned by an adder]
  1962 | D:2      | Reached XP level 4. HP: 35/36 MP: 7/7
  2108 | D:2      | Found a faded altar of an unknown god.
  2200 | D:2      | Reached skill level 1 in Poison Magic
  2553 | D:2      | Reached XP level 5. HP: 28/41 MP: 6/8
  2802 | D:2      | Learned a level 4 spell: Ice Form
  3179 | D:3      | Noticed an ice beast
  3292 | D:3      | Reached skill level 4 in Unarmed Combat
  3592 | D:3      | Killed an ice beast
  3593 | D:3      | Reached skill level 1 in Ice Magic
  3593 | D:3      | Reached XP level 6. HP: 7/49 MP: 7/10
  4530 | D:4      | Slain by a gnoll

Illustrated notes

Levels and vault maps discovered:
D:1:      dpeg_arrival_shrine, layout_loops_ring
D:2:      minmay_angry_zag, layout_basic, shapermc_ecumenical_altar_notcrosses,
          st_stairs_5, serial_park_tiny_1, minmay_goblin_outpost
D:3:      layout_rooms
D:4:      layout_cave_pools, lemuel_coloured_pillars_altar, kennysheep_mini,
          serial_shops, nicolae_shop_stone

Skill      XL: |  1  2  3  4  5 |
---------------+----------------+-----
Dodging        | 2 |  2.6
Poison Magic   | 1 2 |  2.0
Fighting       | 2 |  2.4
Transmutations | 3 |  3.6
Unarmed Combat | 4 |  4.3
Ice Magic      | 1 |  1.5
Spellcasting   | |  2.8

Action                   |  1- 3 |  4- 6 || total
-------------------------+-------+-------++-------
Melee: Unarmed           |    76 |   138 ||   214
       Kick              |    21 |     8 ||    29
       Tailslap          |     5 |     8 ||    13
       Headbutt          |     7 |    11 ||    18
       Punch             |     1 |       ||     1
 Cast: Beastly Appendage |    22 |    17 ||    39
       Spider Form       |       |     7 ||     7
       Ice Form          |       |     1 ||     1
 Stab: Sleeping          |     1 |       ||     1
Armor: Skin              |    17 |    40 ||    57
Dodge: Dodged            |    44 |   126 ||   170

Table legend: (Time is in decaauts)
 A = Elapsed time spent in this place.
 B = Non-inter-level travel time spent in this place.
 C = Inter-level travel time spent in this place.
 D = Time resting spent in this place.
 E = Time spent auto-exploring this place.
 F = Levels seen in this place.
 G = Mean time per level.
                   A        B        C        D        E       F      G
               +--------+--------+--------+--------+--------+-----+--------+
         Total |   4519 |   4344 |    175 |    186 |   3558 |   4 | 1129.8 |
       Dungeon |   4519 |   4344 |    175 |    186 |   3558 |   4 | 1129.8 |
               +--------+--------+--------+--------+--------+-----+--------+

Top non-repeatable levels by time:
     D:2: 1725 daAuts
     D:1: 1449 daAuts
     D:3: 1103 daAuts
     D:4: 241 daAuts
